 Dungeon Crawl Stone Soup version 0.21-a0-522-ga8338f0 (webtiles) character file.

1309 Gerstahl the Chiller (level 8, 0/62 HPs)
             Began as a Naga Ice Elementalist on Dec 6, 2017.
             Was an Initiate of Ashenzari.
             Slain by Grinder (2 damage)
             ... on level 5 of the Dungeon.
             The game lasted 00:22:05 (6335 turns).

Gerstahl the Chiller (Naga Ice Elementalist)        Turns: 6335, Time: 00:22:06

Health: 0/62       AC:  4    Str:  9 (11) XL:     8   Next: 58%
Magic:  0/16       EV: 15    Int: 16 (18) God:    Ashenzari [......]
Gold:   267        SH:  0    Dex: 14 (16) Spells: 8/18 levels left

rFire    . . .     SeeInvis +   (no weapon)
rCold    . . .     Gourm    .   (no shield)
rNeg     . . .     Faith    .   a - +0 robe
rPois    +         Spirit   .   (no helmet)
rElec    .         Reflect  .   o - +0 cloak
rCorr    +         Harm     .   (no gloves)
MR       ++...     Rnd*Tele +   (no barding)
Stlth    +++.......             v - amulet of regeneration
HPRegen  0.60/turn              x - ring of resist corrosion
MPRegen  0.15/turn              (no ring)

@: agile, short of breath, hasted, quick
A: large, stinger 1, see invisible, deformed body, magic resistance 1, poison
resistance, slowness 2, slow metabolism 1, spit poison 1, teleportitis 1, AC +2
a: Spit Poison, Curse Item, Renounce Religion


You were on level 5 of the Dungeon.
You worshipped Ashenzari.
Ashenzari was noncommittal.
You were not hungry.

You visited 2 branches of the dungeon, and saw 6 of its levels.
You also visited: Sewer.

You collected 267 gold pieces.

Inventory:

Armour
 a - a +0 robe (worn)
 o - a +0 cloak (worn)
Jewellery
 p - an uncursed ring of stealth
 v - an amulet of regeneration (around neck)
 x - a ring of resist corrosion (left hand)
Scrolls
 d - 2 scrolls of random uselessness {unknown}
 e - 5 scrolls of teleportation
 g - 2 scrolls of identify {unknown}
 j - 2 scrolls of fog {unknown}
 l - 2 scrolls of enchant armour {unknown}
 m - a scroll of enchant weapon {unknown}
 q - a scroll of noise {unknown}
 s - a scroll of magic mapping {unknown}
 w - 5 scrolls of remove curse
Potions
 f - a potion of degeneration
 t - a potion of resistance
 u - a potion of agility
 z - 4 potions of flight
Books
 b - a book of Frost

   Spells                             Type                      Level
   a - Freeze                         Ice                          1
   b - Throw Frost                    Conjuration/Ice              2
   c - Ozocubu's Armour               Charms/Ice                   3
   d - Throw Icicle                   Conjuration/Ice              4
   e - Summon Ice Beast               Ice/Summoning                4
 r - a book of Conjurations

   Spells                             Type                      Level
   a - Magic Dart                     Conjuration                  1
   b - Searing Ray                    Conjuration                  2
   c - Dazzling Spray                 Conjuration/Hexes            3
   d - Fulminant Prism                Conjuration/Hexes            4
   e - Force Lance                    Conjuration/Translocation    4
   f - Iskenderun's Mystic Blast      Conjuration                  4
Comestibles
 c - 4 bread rations
 h - 6 meat rations
 n - a fruit


   Skills:
 - Level 1.5 Dodging
 - Level 3.0 Stealth
 + Level 5.9 Spellcasting
 + Level 5.3 Conjurations
 + Level 6.7 Ice Magic


You had 8 spell levels left.
You knew the following spells:

 Your Spells              Type           Power        Failure   Level  Hunger
a - Freeze                Ice            ####         1%          1    None
b - Throw Icicle          Conj/Ice       ###.....     12%         4    ####...
c - Ozocubu's Armour      Chrm/Ice       ###.....     11%         3    ##.....
d - Searing Ray           Conj           ###...       2%          2    #......


Dungeon Overview and Level Annotations

Branches:
Dungeon (5/15)             Temple (1/1) D:4

Altars:
Ashenzari
Hepliaklqana
Qazlal
Ru
Trog
Uskayaw
Vehumet
Xom

Annotations:
D:5 Grinder


Innate Abilities, Weirdness & Mutations

You cannot wear boots.
Your serpentine skin is tough. (AC +2)
You have supernaturally acute eyesight. (SInv)
Armour fits poorly on your strangely shaped body.
Your system is resistant to poisons. (rPois)
You cover ground very slowly.
You have a slow metabolism.
You can spit poison.
Your tail ends in a poisonous barb.
You are resistant to hostile enchantments. (MR+)
You are occasionally teleported next to monsters.


Message History

* * * LOW HITPOINT WARNING * * *
Casting: Freeze
Confirm with . or Enter, or press ? or * to list all spells.
Aiming: Freeze
Press: ? - help, Shift-Dir - straight line, f/p - Grinder
Aim: Grinder (noxious fumes, heavily wounded)
You freeze Grinder.
Grinder completely resists.
Grinder is heavily wounded.
Grinder misses you.
Press: ? - help, Shift-Dir - straight line, f/p - Grinder
Aim: Grinder (noxious fumes, heavily wounded)
The splash of poison hits Grinder.
Grinder completely resists.
Grinder is heavily wounded.
You feel slightly more hungry.
The orc is engulfed in noxious fumes.
The orc appears confused.
Grinder hits you!
* * * LOW HITPOINT WARNING * * *
It was a potion of haste.
You feel yourself speed up. Grinder hits you!
* * * LOW HITPOINT WARNING * * *
You writhe in agony.
You die...

≈...##.######..#........#
≈≈..#..........#........##
≈≈.......>...............
≈≈.....................#
≈....... .o.§§§§§§§....# .....##
...§§§§§§.....#### ÷....#
...§§.§§§......... .÷...#
....§§§5.......... #....##
.......@.......... .....)#
.............##... ......#
#.....#......# ... ......#
#########..#.# .....
......#############.#.####.....
...............................
......##.########..>...........#
.......#.########...............
................................


You could see Grinder and an orc (confused).

Vanquished Creatures
  A sky beast (D:4)
  4 ogres
  2 scorpions (D:5)
  3 hounds
  Crazy Yiuf (D:2)
  An orc priest (D:3)
  3 orc wizards
  A bullfrog skeleton (D:4)
  An iguana (D:4)
  Natasha (thrice) (D:4)
  3 worker ants (D:4)
  A merfolk siren (Sewer)
  A merfolk avatar (Sewer)
  A hound skeleton (D:4)
  3 gnolls (D:4)
  11 adders
  2 river rats (Sewer)
  2 oozes
  2 adder zombies (D:5)
  4 worms
  A dart slug (D:1)
  6 leopard geckos
  3 orcs (D:3)
  7 ball pythons
  9 bats
  8 giant cockroaches
  10 goblins
  7 hobgoblins
  3 jackals (D:2)
  A quokka (D:3)
  6 frilled lizards
  5 kobolds
  30 rats
146 creatures vanquished.

Notes
Turn   | Place    | Note
-------+----------+-------------------------------------------
     0 | D:1      | Gerstahl the Naga Ice Elementalist began the quest for the Orb.
     0 | D:1      | Reached XP level 1. HP: 15/15 MP: 3/3
   384 | D:1      | Reached XP level 2. HP: 22/22 MP: 0/5
  1094 | D:2      | Reached XP level 3. HP: 28/28 MP: 4/6
  1790 | D:2      | Reached skill level 4 in Ice Magic
  1790 | D:2      | Reached XP level 4. HP: 19/36 MP: 3/8
  1872 | D:2      | Learned a level 4 spell: Throw Icicle
  1878 | D:2      | Learned a level 3 spell: Ozocubu's Armour
  1993 | D:2      | Found a runed door.
  2062 | D:2      | Noticed Crazy Yiuf
  2067 | D:2      | HP: 1/36 [Crazy Yiuf/quarterstaff of chaos (2)]
  2068 | D:2      | Killed Crazy Yiuf
  2068 | D:2      | Reached XP level 5. HP: 1/42 MP: 5/10
  3045 | D:3      | Reached XP level 6. HP: 26/49 MP: 3/11
  3240 | D:3      | Learned a level 2 spell: Searing Ray
  3379 | D:3      | Reached skill level 5 in Ice Magic
  3816 | D:3      | Found a faded altar of an unknown god.
  3880 | D:4      | Reached XP level 7. HP: 53/55 MP: 6/13
  3961 | D:4      | Found a stormy altar of Qazlal.
  3973 | D:4      | Noticed Natasha
  3979 | D:4      | Killed Natasha
  4244 | D:4      | Reached skill level 5 in Spellcasting
  4314 | D:4      | Found a staircase to the Ecumenical Temple.
  4330 | Temple   | Entered the Ecumenical Temple
  4389 | Temple   | Became a worshipper of Ashenzari the Shackled
  4448 | D:4      | Found a hide-covered altar of Uskayaw.
  4520 | D:4      | Reached skill level 6 in Ice Magic
  4828 | D:4      | Found a sacrificial altar of Ru.
  4835 | D:4      | Reached XP level 8. HP: 59/62 MP: 7/15
  4925 | D:4      | Noticed Natasha
  4930 | D:4      | Killed Natasha
  5015 | D:4      | Noticed Natasha
  5021 | D:4      | Killed Natasha
  5034 | D:5      | Entered Level 5 of the Dungeon
  5046 | D:5      | Found a glowing drain.
  5070 | Sewer    | Entered a sewer
  5802 | Sewer    | Reached skill level 5 in Conjurations
  6158 | D:5      | Found a radiant altar of Vehumet.
  6235 | D:5      | Noticed Grinder
  6332 | D:5      | Gained mutation: Your tail ends in a poisonous barb. [potion of mutation]
  6332 | D:5      | Gained mutation: You are occasionally teleported next to monsters. [potion of mutation]
  6332 | D:5      | Gained mutation: You are resistant to hostile enchantments. (MR+) [potion of mutation]
  6335 | D:5      | HP: 2/62 [Grinder (7)]
  6335 | D:5      | Slain by Grinder

Vault maps used:
D:1:      co_arrival_random_square_maze
D:2:      nicolae_underground_beach, uniq_crazy_yiuf_cottage
D:3:      chequers_ecumenical_altar_grove
D:4:      marbit_many_paths, nicolae_ru_great_annihilating_truth,
          grunt_qazlal_sundering, minmay_temple_entry_mist, first_bread,
          uniq_natasha
D:5:      nemelex_xobeh_ov_fountains_minmay, vehumet_crystals,
          portal_sewer_entry_a, uniq_grinder
Temple:   regret_index_temple_generic_petals
Sewer:    sewer_sea

Skill      XL: |  1  2  3  4  5  6  7  8 |
---------------+-------------------------+-----
Spellcasting   | 3 4 5 |  5.9
Ice Magic      | 4 5 6 |  6.7
Conjurations   | 2 3 4 5 |  5.3
Dodging        | |  1.5
Stealth        | |  3.0

Action                   |  1- 3 |  4- 6 |  7- 9 || total
-------------------------+-------+-------+-------++-------
Melee: Unarmed           |    38 |    34 |    99 ||   171
 Cast: Freeze            |    41 |    60 |    73 ||   174
       Searing Ray       |       |     4 |    31 ||    35
       Throw Icicle      |       |       |     8 ||     8
       Ozocubu's Armour  |       |       |     1 ||     1
 Abil: Spit Poison       |    12 |    12 |    13 ||    37
Evoke: Wand              |       |     2 |     3 ||     5
  Use: Potion            |     3 |       |     5 ||     8
 Stab: Sleeping          |     1 |       |     2 ||     3
       Distracted        |     1 |       |       ||     1
  Eat: Chunk             |     1 |     7 |     5 ||    13
       Royal jelly       |       |       |     1 ||     1
       Bread ration      |       |       |     1 ||     1
Armor: Robe              |     4 |    37 |    63 ||   104
Dodge: Dodged            |    49 |    50 |    96 ||   195

Table legend:
 A = Spawn XP
 B = Non-spawn XP
 C = Spawn XP percentage of total XP
 D = Spawn monster count
 E = Non-spawn monster count
 F = Spawn count percentage of total count
 G = Total turns spent on level
                    A         B        C        D         E        F      G
               +---------+---------+-------+---------+---------+-------+---------
         Total |       0 |    1871 |   0.0 |       0 |     146 |   0.0 |  6335
               +---------+---------+-------+---------+---------+-------+---------
           D:1 |       0 |      29 |   0.0 |       0 |      19 |   0.0 |  1012
           D:2 |       0 |     169 |   0.0 |       0 |      30 |   0.0 |  1758
           D:3 |       0 |     312 |   0.0 |       0 |      24 |   0.0 |  1082
           D:4 |       0 |     793 |   0.0 |       0 |      22 |   0.0 |  1098
           D:5 |       0 |     383 |   0.0 |       0 |      12 |   0.0 |   317
         Sewer |       0 |     185 |   0.0 |       0 |      39 |   0.0 |   984
               +---------+---------+-------+---------+---------+-------+---------
